Map: Honorgrounds LE

Players

soggyeyeball - Winner!

  • Race: Zerg Zerg
  • Spawn Location: 7:00

Marswhale

  • Race: Terran Terran
  • Spawn Location: 1:00

VOD

Have the link to the VOD?

Description

Time

  • Played on: Feb. 25, 2017, 4:08 p.m.
  • Length: 7:02
Show
View Real Time Build Order
Export as new Build Order

soggyeyeball Zerg - Winner!

Build Orders: Pool First 

Get SALT Encoding   

  12  0:03  Drone  
  13  0:08  Drone  
  14  0:20  Overlord  
  14  0:27  Extractor  
  13  0:28  Drone  
  14  0:39  Drone x2  
  16  0:50  Spawning Pool  
  15  0:57  Drone  
  15  0:58  Drone  
  17  1:13  Drone  
  18  1:23  Drone  
  19  1:36  Metabolic Boost  
  19  1:38  Queen, Zergling x2  
  22  1:44  Overlord  
  22  2:02  Hatchery  
  21  2:10  Zergling x4  
  23  2:26  Zergling x4  
  25  2:36  Zergling x2  
  26  2:46  Zergling x2  
  26  2:48  Zergling x6  
  30  3:13  Overlord  
  30  3:14  Queen  
  30  3:15  Zergling x4  
  34  3:35  Zergling x2  
  34  3:36  Zergling x10  
  40  3:49  Zergling x4  
  42  4:07  Zergling x2  
  42  4:08  Zergling x2  
  42  4:09  Overlord x2  
  44  4:10  Overlord  
  44  4:28  Zergling x4  
  46  4:32  Drone x4  
  50  4:56  Zergling x2  
  50  4:57  Zergling x10  
  56  5:06  Zergling x2  
  56  5:07  Zergling x2  
  58  5:15  Zergling x4  
Show
View Real Time Build Order
Export as new Build Order

Marswhale Terran 

Build Orders:  

Get SALT Encoding   

  12  0:08  SCV  
  13  0:20  SCV  
  14  0:32  SCV  
  15  0:38  Engineering Bay  
  15  0:52  Refinery  
  15  1:14  Supply Depot  
  15  1:36  SCV  
  15  1:37  Supply Depot  
  16  1:48  SCV  
  16  1:50  Barracks  
  17  2:00  SCV, Supply Depot  
  18  2:10  Refinery  
  18  2:12  SCV  
  19  2:22  Supply Depot  
  19  2:24  SCV  
  20  2:30  Terran Infantry Weapons Level 1  
  20  2:36  SCV  
  21  2:42  Barracks  
  21  2:46  Barracks Reactor  
  21  2:48  SCV  
  22  3:00  SCV  
  23  3:09  Command Center  
  23  3:32  Barracks Tech Lab  
  23  3:36  Marine x2  
  25  3:49  Orbital Command  
  25  3:54  Reaper x2  
  27  3:58  Marine  
  28  4:16  Marine  
  29  4:22  SCV  
  30  4:24  Terran Infantry Armor Level 1  
  30  4:26  Reaper, Marine  
  30  4:28  SCV  
  33  4:34  Reaper  
  34  4:40  SCV  
  34  4:44  Marine  
  36  4:52  SCV  
  37  4:58  Marine  
  38  5:02  Reaper  
  38  5:04  SCV  
  38  5:05  Marine  
  41  5:16  SCV, Marine  
  43  5:23  Marine  
  44  5:28  SCV  
  44  5:30  Missile Turret  
  44  5:34  Marine  
  46  5:40  SCV  
  46  5:42  Marauder  
  26  6:03  Marauder  
Tags
 
Matchup
TvZ
Opening
Pool First
Spawn Locations
Cross Positions
Add a new tag
Caveats
  • Supply blocks, unpowered buildings, or Contaminate may cause inaccurate times.
  • Supply counts are checked every 10 seconds.